ITL
HAVANA ROLLERS @ DETROIT X-WINGS
07/05/2028
 
TOP OF THE 1ST
Havana Rollers batting - Pitching for Detroit X-Wings : LHP Keith Jennings
Pitching: LHP Keith Jennings
Batting: RHB Jesús Villalobos 0-0: Ball
1-0: TRIPLE (Flyball, 8LD)
Batting: RHB Francisco Rincón 0-0: Ball
1-0: Ground out 5-3 (Groundball, 56S)
Jesús Villalobos scores
Batting: RHB Brant Sherman 0-0: DOUBLE (Line Drive, 89XD)
Batting: SHB Pepe Piña 0-0: Ball
1-0: Ball
2-0: Called Strike
2-1: Ground out 5-3 (Groundball, 56S)
Brant Sherman to third
Batting: LHB Juan Romero 0-0: SINGLE (Flyball, 8LS)
Brant Sherman scores
Batting: SHB Yasuhiro Ikarashi 0-0: Called Strike
0-1: Ball
1-1: Ball
2-1: Ball
3-1: Fly out, F9 (Flyball, 9D)
Top of the 1st over - 2 run(s), 3 hit(s), 0 error(s), 1 left on base; Havana 2 - Detroit 0
BOTTOM OF THE 1ST
Detroit X-Wings batting - Pitching for Havana Rollers : RHP Jason Drake
Pitching: RHP Jason Drake
Batting: LHB Sergio Luna 0-0: Ball
1-0: Ball
2-0: Swinging Strike
2-1: Foul Ball, location: 2F
2-2: Strikes out looking
Batting: RHB Jaime Contreras 0-0: Ball
1-0: Ball
2-0: Ball
3-0: Called Strike
3-1: Fly out, F7 (Flyball, 7D)
Batting: RHB Robby Lewis 0-0: Foul Ball, location: 2F
0-1: Called Strike
0-2: Ball
1-2: Foul Ball, location: 2F
1-2: Ball
2-2: SINGLE (Flyball, 9LS)
Batting: LHB Juan Jose Pineda 0-0: Ball
1-0: Called Strike
1-1: Ball
Throwing error on steal attempt, E2
Robby Lewis to third
2-1: Foul Ball, location: 2F
2-2: Ball
3-2: Base on Balls
Batting: RHB John Moore 0-0: Ball
1-0: Foul Ball, location: 2F
1-1: Ball
2-1: Swinging Strike
2-2: Strikes out swinging
Bottom of the 1st over - 0 run(s), 1 hit(s), 1 error(s), 2 left on base; Havana 2 - Detroit 0
TOP OF THE 2ND
Havana Rollers batting - Pitching for Detroit X-Wings : LHP Keith Jennings
Batting: RHB León Rivera 0-0: SINGLE (Line Drive, 89S)
Batting: LHB Zhi-huan Loong 0-0: Ball
1-0: Called Strike
1-1: Ball
2-1: Foul Ball, location: 2F
2-2: SINGLE (Line Drive, 4MD)
León Rivera to second
Batting: LHB José Torres 0-0: Called Strike
0-1: Ball
1-1: Ball
2-1: Swinging Strike
2-2: Ball
3-2: Strikes out swinging
Batting: RHB Jesús Villalobos 0-0: Grounds into double play, 5-4-3 (Groundball, 5)
Top of the 2nd over - 0 run(s), 2 hit(s), 0 error(s), 1 left on base; Havana 2 - Detroit 0
BOTTOM OF THE 2ND
Detroit X-Wings batting - Pitching for Havana Rollers : RHP Jason Drake
Batting: RHB Gary Witt 0-0: Foul Ball, location: 2F
0-1: Ball
1-1: Called Strike
1-2: Strikes out swinging
Batting: RHB Júlio López 0-0: Ball
1-0: Swinging Strike
1-1: Foul Ball, location: 2F
1-2: Strikes out swinging
Batting: RHB Carlos Aguirre 0-0: Ground out 4-3 (Groundball, 4S)
Bottom of the 2nd over - 0 run(s), 0 hit(s), 0 error(s), 0 left on base; Havana 2 - Detroit 0
TOP OF THE 3RD
Havana Rollers batting - Pitching for Detroit X-Wings : LHP Keith Jennings
Batting: RHB Francisco Rincón 0-0: Foul Ball, location: 2F
0-1: Called Strike
0-2: Strikes out swinging
Batting: RHB Brant Sherman 0-0: Ball
1-0: Ball
2-0: Swinging Strike
2-1: Swinging Strike
2-2: SINGLE (Groundball, 5D)
Batting: SHB Pepe Piña 0-0: Called Strike
Brant Sherman steals 2nd base
0-1: Ball
1-1: Ground out 6-3 (Groundball, 6)
Brant Sherman to third
Batting: LHB Juan Romero 0-0: Ground out U3 (Groundball, 3)
Top of the 3rd over - 0 run(s), 1 hit(s), 0 error(s), 1 left on base; Havana 2 - Detroit 0
BOTTOM OF THE 3RD
Detroit X-Wings batting - Pitching for Havana Rollers : RHP Jason Drake
Batting: SHB Felipe Detorres 0-0: Fly out, F3 (Popup, 3L)
Batting: LHB Sergio Luna 0-0: Ball
1-0: Called Strike
1-1: Fly out, F5 (Popup, 56S)
Batting: RHB Jaime Contreras 0-0: Ball
1-0: Foul Ball, location: 2F
1-1: Ball
2-1: Hit by Pitch
Batting: RHB Robby Lewis 0-0: Called Strike
0-1: Foul Ball, location: 2F
0-2: Ball
1-2: Strikes out swinging
Bottom of the 3rd over - 0 run(s), 0 hit(s), 0 error(s), 1 left on base; Havana 2 - Detroit 0
TOP OF THE 4TH
Havana Rollers batting - Pitching for Detroit X-Wings : LHP Keith Jennings
Batting: SHB Yasuhiro Ikarashi 0-0: Ball
1-0: Ball
2-0: Ball
3-0: Called Strike
3-1: Base on Balls
Batting: RHB León Rivera 0-0: Ball
Yasuhiro Ikarashi is caught stealing 2nd base
1-0: Ball
2-0: Ball
3-0: Called Strike
3-1: Called Strike
3-2: SINGLE (Flyball, 7S)
Batting: LHB Zhi-huan Loong 0-0: Ball
1-0: Ground out 4-3 (Groundball, 34)
León Rivera to second
Batting: LHB José Torres 0-0: Called Strike
0-1: Called Strike
León Rivera is caught stealing 3rd base
Top of the 4th over - 0 run(s), 1 hit(s), 0 error(s), 0 left on base; Havana 2 - Detroit 0
BOTTOM OF THE 4TH
Detroit X-Wings batting - Pitching for Havana Rollers : RHP Jason Drake
Batting: LHB Juan Jose Pineda 0-0: Called Strike
0-1: Foul Ball, location: 2F
0-2: Foul Ball, location: 2F
0-2: Foul Ball, location: 2F
0-2: Ball
1-2: Strikes out swinging
Batting: RHB John Moore 0-0: Foul Ball, location: 2F
0-1: Foul Ball, location: 2F
0-2: Ball
1-2: Foul Ball, location: 2F
1-2: Foul Ball, location: 2F
1-2: Strikes out swinging, 2-3 out at first.
Batting: RHB Gary Witt 0-0: Ball
1-0: Foul Ball, location: 2F
1-1: Ball
2-1: Called Strike
2-2: Foul Ball, location: 2F
2-2: Fly out, F1 (Line Drive, 13S)
Bottom of the 4th over - 0 run(s), 0 hit(s), 0 error(s), 0 left on base; Havana 2 - Detroit 0
TOP OF THE 5TH
Havana Rollers batting - Pitching for Detroit X-Wings : LHP Keith Jennings
Batting: LHB José Torres 0-0: Called Strike
0-1: Ball
1-1: Ball
2-1: Ball
3-1: Called Strike
3-2: SOLO HOME RUN (Flyball, 89XD), Distance : 413 ft
Batting: RHB Jesús Villalobos 0-0: Ball
1-0: Ball
2-0: Ball
3-0: Called Strike
3-1: Foul Ball, location: 2F
3-2: Base on Balls
Batting: RHB Francisco Rincón 0-0: Ball
1-0: Ball
2-0: Called Strike
2-1: Ball
3-1: Base on Balls
Jesús Villalobos to second
Batting: RHB Brant Sherman 0-0: Ball
1-0: Ball
2-0: Swinging Strike
2-1: SINGLE (Groundball, 56S) (infield hit)
Jesús Villalobos to third
Francisco Rincón to second
Batting: SHB Pepe Piña 0-0: Foul Ball, location: 2F
0-1: Ball
Passed Ball!
Jesús Villalobos scores
Francisco Rincón to third
Brant Sherman to second
1-1: Ball
2-1: Foul Ball, location: 2F
2-2: Foul Ball, location: 2F
2-2: Ball
3-2: Foul Ball, location: 2F
3-2: Base on Balls
Batting: LHB Juan Romero 0-0: Ball
1-0: Swinging Strike
1-1: Called Strike
1-2: Foul Ball, location: 2F
1-2: Ground out 6-3 (Groundball, 56D)
Francisco Rincón scores
Brant Sherman to third
Pepe Piña to second
Batting: SHB Yasuhiro Ikarashi 0-0: Called Strike
0-1: Ground out 4-3 (Groundball, 4)
Brant Sherman scores
Pepe Piña to third
Pitching: LHP Javier Duarte
Batting: RHB León Rivera 0-0: Called Strike
0-1: Ball
1-1: Fly out, F9 (Flyball, 9LS)
Top of the 5th over - 4 run(s), 2 hit(s), 0 error(s), 1 left on base; Havana 6 - Detroit 0
BOTTOM OF THE 5TH
Detroit X-Wings batting - Pitching for Havana Rollers : RHP Jason Drake
Batting: RHB Júlio López 0-0: Swinging Strike
0-1: Foul Ball, location: 2F
0-2: Ball
1-2: Ball
2-2: Strikes out swinging
Batting: RHB Carlos Aguirre 0-0: Ground out 5-3 (Groundball, 56)
Batting: SHB Felipe Detorres 0-0: Called Strike
0-1: DOUBLE (Flyball, 7LM)
Batting: LHB Sergio Luna 0-0: Called Strike
0-1: Ball
1-1: Ball
2-1: Ball
3-1: Base on Balls
Batting: RHB Jaime Contreras 0-0: Fielders Choice at 2nd, 5-4 (Groundball, 5)
Bottom of the 5th over - 0 run(s), 1 hit(s), 0 error(s), 1 left on base; Havana 6 - Detroit 0
TOP OF THE 6TH
Havana Rollers batting - Pitching for Detroit X-Wings : LHP Javier Duarte
Batting: LHB Zhi-huan Loong 0-0: Ball
1-0: Ball
2-0: Foul Ball, location: 2F
2-1: Swinging Strike
2-2: Ball
3-2: Fly out, F7 (Flyball, 78D)
Batting: LHB José Torres 0-0: Swinging Strike
0-1: Fly out, F7 (Flyball, 7)
Batting: RHB Jesús Villalobos 0-0: Ball
1-0: Fly out, F6 (Popup, 6D)
Top of the 6th over - 0 run(s), 0 hit(s), 0 error(s), 0 left on base; Havana 6 - Detroit 0
BOTTOM OF THE 6TH
Detroit X-Wings batting - Pitching for Havana Rollers : RHP Jason Drake
Batting: RHB Robby Lewis 0-0: Ball
1-0: Ground out U3 (Groundball, 34)
Batting: LHB Juan Jose Pineda 0-0: Ball
1-0: Ball
2-0: Ball
3-0: Base on Balls
Batting: RHB John Moore 0-0: Ball
1-0: Ball
Juan Jose Pineda steals 2nd base
2-0: Ball
3-0: Base on Balls
Batting: RHB Gary Witt 0-0: Called Strike
0-1: Ball
1-1: Ball
2-1: Foul Ball, location: 2F
2-2: Ball
3-2: Fly out, F9 (Flyball, 89S)
Batting: RHB Júlio López 0-0: Ball
1-0: Called Strike
1-1: Ball
2-1: SINGLE (Line Drive, 4MD)
Juan Jose Pineda to third
John Moore to second
Runner from 3rd tries for Home, SAFE, no throw
Pitching: LHP Dave Miller
Batting: RHB Carlos Aguirre 0-0: Foul Ball, location: 2F
0-1: Ball
1-1: Ball
2-1: Called Strike
2-2: Fielders Choice at 2nd, 4-6 (Groundball, 4)
Bottom of the 6th over - 1 run(s), 1 hit(s), 0 error(s), 1 left on base; Havana 6 - Detroit 1
TOP OF THE 7TH
Havana Rollers batting - Pitching for Detroit X-Wings : LHP Javier Duarte
Batting: RHB Francisco Rincón 0-0: Fly out, F9 (Flyball, 9)
Batting: RHB Brant Sherman 0-0: Foul Ball, location: 2F
0-1: Ball
1-1: Swinging Strike
1-2: Strikes out swinging
Batting: SHB Pepe Piña 0-0: SINGLE (Groundball, 56D)
Batting: LHB Juan Romero 0-0: Called Strike
0-1: Ball
1-1: Fielders Choice at 2nd, 6-4 (Groundball, 6)
Top of the 7th over - 0 run(s), 1 hit(s), 0 error(s), 0 left on base; Havana 6 - Detroit 1
BOTTOM OF THE 7TH
Detroit X-Wings batting - Pitching for Havana Rollers : LHP Dave Miller
Batting: SHB Felipe Detorres 0-0: Called Strike
0-1: DOUBLE (Groundball, 5L)
Batting: LHB Sergio Luna 0-0: Ground out 6-3 (Groundball, 6)
Batting: RHB Jaime Contreras 0-0: Ball
1-0: Ball
2-0: Hit by Pitch
Batting: RHB Robby Lewis 0-0: Foul Ball, location: 2F
0-1: Swinging Strike
0-2: Fly out, F8 (Flyball, 8RD)
Runner from 2nd tags up, SAFE at 3rd, no throw
Batting: LHB Juan Jose Pineda 0-0: Called Strike
0-1: Ball
1-1: Called Strike
1-2: Ball
2-2: Foul Ball, location: 2F
2-2: DOUBLE (Line Drive, 9LM)
Felipe Detorres scores
Jaime Contreras to third
Runner from 3rd tries for Home, SAFE, no throw
Pitching: RHP Brad Sharpe
Batting: RHB John Moore 0-0: Ground out 5-3 (Groundball, 56)
Bottom of the 7th over - 2 run(s), 2 hit(s), 0 error(s), 1 left on base; Havana 6 - Detroit 3
TOP OF THE 8TH
Havana Rollers batting - Pitching for Detroit X-Wings : LHP Javier Duarte
Batting: SHB Yasuhiro Ikarashi 0-0: Foul Ball, location: 2F
0-1: Ball
1-1: Foul Ball, location: 2F
1-2: Ball
2-2: Ball
3-2: Strikes out swinging
Batting: RHB León Rivera 0-0: Ball
1-0: Called Strike
1-1: Ball
2-1: Ball
3-1: Foul Ball, location: 2F
3-2: Fly out, F8 (Flyball, 78M)
Batting: LHB Zhi-huan Loong 0-0: Ball
1-0: Ball
2-0: Ball
3-0: Base on Balls
Batting: LHB José Torres 0-0: Ball
1-0: Foul Ball, location: 2F
1-1: Ball
2-1: Ball
3-1: Foul Ball, location: 2F
3-2: Foul Ball, location: 2F
3-2: Foul Ball, location: 2F
3-2: Base on Balls
Zhi-huan Loong to second
Batting: RHB Jesús Villalobos 0-0: 3-RUN HOME RUN (Line Drive, 78XD), Distance : 397 ft
Batting: RHB Francisco Rincón 0-0: Ball
1-0: SINGLE (Groundball, 4MD)
Pitching: RHP Felipe Téllez
Batting: RHB Brant Sherman 0-0: Swinging Strike
0-1: Swinging Strike
0-2: Strikes out looking
Top of the 8th over - 3 run(s), 2 hit(s), 0 error(s), 1 left on base; Havana 9 - Detroit 3
BOTTOM OF THE 8TH
Detroit X-Wings batting - Pitching for Havana Rollers : RHP Brad Sharpe
Batting: RHB Gary Witt 0-0: Ball
1-0: Foul Ball, location: 2F
1-1: Fly out, F8 (Flyball, 8RM)
Batting: RHB Júlio López 0-0: Ball
1-0: Swinging Strike
1-1: Ball
2-1: Called Strike
2-2: SINGLE (Line Drive, 9LS)
Batting: RHB Carlos Aguirre 0-0: Foul Ball, location: 2F
0-1: Called Strike
0-2: Foul Ball, location: 2F
0-2: SINGLE (Groundball, 34D)
Júlio López to second
Runner from 2nd tries for 3rd, SAFE, throw made to third
Batting: SHB Felipe Detorres 0-0: Ball
1-0: Swinging Strike
1-1: Fly out, F7 (Flyball, 7)
Runner from 3rd tags up, SCORES, no throw
Batting: LHB Sergio Luna 0-0: Ball
1-0: Foul Ball, location: 2F
1-1: Ball
2-1: Fielders Choice at 2nd, 4-6 (Groundball, 4)
Bottom of the 8th over - 1 run(s), 2 hit(s), 0 error(s), 0 left on base; Havana 9 - Detroit 4
TOP OF THE 9TH
Havana Rollers batting - Pitching for Detroit X-Wings : RHP Felipe Téllez
Batting: SHB Pepe Piña 0-0: Called Strike
0-1: Foul Ball, location: 2F
0-2: Strikes out swinging
Batting: LHB Juan Romero 0-0: Swinging Strike
0-1: SINGLE (Groundball, 34) (infield hit)
Batting: SHB Yasuhiro Ikarashi 0-0: Called Strike
0-1: Called Strike
0-2: Foul Ball, location: 2F
0-2: Ball
1-2: Fly out, F9 (Flyball, 9)
Batting: RHB León Rivera 0-0: Ball
1-0: Foul Ball, location: 2F
1-1: Foul Ball, location: 2F
1-2: Strikes out swinging
Top of the 9th over - 0 run(s), 1 hit(s), 0 error(s), 1 left on base; Havana 9 - Detroit 4
BOTTOM OF THE 9TH
Detroit X-Wings batting - Pitching for Havana Rollers : RHP Brad Sharpe
Batting: RHB Jaime Contreras 0-0: Ball
1-0: Foul Ball, location: 2F
1-1: Ground out 6-3 (Groundball, 6)
Batting: RHB Robby Lewis 0-0: Called Strike
0-1: Ball
1-1: SINGLE (Flyball, 8LS)
Batting: LHB Juan Jose Pineda 0-0: Ball
1-0: Fly out, F2 (Popup, 2L)
Batting: RHB John Moore 0-0: Called Strike
0-1: Fly out, F9 (Line Drive, 9)
Bottom of the 9th over - 0 run(s), 1 hit(s), 0 error(s), 1 left on base; Havana 9 - Detroit 4
Tuesday, August 8th, 2017 - OOTP Baseball 17.12 Build 75